 Dungeon Crawl Stone Soup version 0.32-a0-791-gfc315c9ecd (webtiles) character file.

Game seed: 12529123996388709429

742 Fodor the Chopper (level 7, -5/61 HPs)
             Began as a Minotaur Fighter on Mar 20, 2024.
             Slain by Prince Ribbit (14 damage)
             ... on level 5 of the Dungeon.
             The game lasted 00:13:00 (3470 turns).

Fodor the Chopper (Minotaur Fighter)                Turns: 3470, Time: 00:13:01

Health: -5/61      AC: 18    Str: 23    XL:     7   Next: 47%
Magic:  6/6        EV:  9    Int:  5    God:
Gold:   103        SH:  0    Dex:  9    Spells: 6/6 levels left

rFire   . . .        a - +0 battleaxe
rCold   . . .        (shield currently unavailable)
rNeg    + . .        w - +2 scale mail {rN+}
rPois   .            (helmet restricted)
rElec   .            v - +2 cloak
rCorr   .            p - +0 pair of gloves
SInv    .            (no boots)
Will    .....        (no amulet) Stlth
                     j - +4 ring of protection
HPRegen 0.30/turn    (no ring)
MPRegen 0.10/turn

%: no passive effects
@: no status effects
A: horns 2, retaliatory headbutt
a: no special abilities


You were on level 5 of the Dungeon.
You visited 1 branch of the dungeon, and saw 5 of its levels.

You collected 131 gold pieces.
You spent 28 gold pieces at shops.

Inventory:

Hand Weapons
 a - a +0 battleaxe (weapon)
Armour
 b - a +0 chain mail
 p - a +0 pair of gloves (worn)
 v - a +2 cloak (worn)
 w - a +2 scale mail of positive energy (worn)
Jewellery
 h - an amulet of faith
 j - a +4 ring of protection (left hand)
Talismans
 s - a maw talisman
Scrolls
 f - a scroll of immolation {unknown}
 k - 4 scrolls of poison
 l - 2 scrolls of revelation
 q - a scroll of amnesia
 t - a scroll of summoning
 u - 2 scrolls of blinking
Potions
 c - a potion of attraction {unknown}
 d - a potion of might
 e - a potion of curing {unknown}
 g - 5 potions of brilliance {unknown}
 i - a potion of haste {unknown}
 m - a potion of berserk rage {unknown}
 n - 2 potions of heal wounds {unknown}
 o - a potion of mutation {unknown}
 r - 2 potions of magic {unknown}


   Skills:
 + Level 5.0 Fighting
 + Level 7.4 Axes
 + Level 6.2 Armour
 + Level 1.6 Dodging
 + Level 0.1 Stealth
 + Level 4.2 Shields


You had 6 spell levels left.
You didn't know any spells.
Your spell library contained the following spells:

 Spells                   Type           Power      Damage    Failure   Level
 Magic Dart               Conj           0%         1d3       77%         1
 Blink                    Tloc           0%         N/A       88%         2
 Call Imp                 Summ           0%         N/A       88%         2
 Mercury Vapours          Alch/Air       0%         N/A       88%         2
 Dazzling Flash           Conj/Hex       0%         N/A       98%         3
 Mephitic Cloud           Conj/Alch/Air  0%         N/A       98%         3
 Freezing Cloud           Conj/Ice/Air   0%         6-21      100%        5
 Starburst                Conj/Fire      0%         6d3       100%        6
 Maxwell's Capacitive Co  Air            0%         ∞         100%        8


Dungeon Overview and Level Annotations

Branches:
Dungeon (5/15)
 Temple: D:4-7

Altars:
Ashenzari
Dithmenos
Okawaru
Ru
Sif Muna
Trog
Yredelemnul

Shops:
D:3 !?[!   D:4 (

Annotations:
D:5 Prince Ribbit


Innate Abilities, Weirdness & Mutations

You have a pair of horns on your head.
You reflexively headbutt those who attack you in melee.


Message History

Prince Ribbit blinks!
Prince Ribbit lets out a mournful croak.
Things that are here:
a +0 short sword; an orc corpse You hit Prince Ribbit.
Prince Ribbit is lightly wounded.
Prince Ribbit hits you. Prince Ribbit misses you. You furiously retaliate!
You headbutt Prince Ribbit. You hit Prince Ribbit but do no damage.
Prince Ribbit is moderately wounded.
Prince Ribbit hits you but does no damage.
Prince Ribbit hits you!
You closely miss Prince Ribbit. You headbutt Prince Ribbit!
Prince Ribbit is heavily wounded.
Prince Ribbit hits you but does no damage.
Prince Ribbit hits you!
You hit Prince Ribbit but do no damage. Your headbutt misses Prince Ribbit.
Prince Ribbit is heavily wounded.
Prince Ribbit hits you but does no damage.
You miss Prince Ribbit. Your headbutt misses Prince Ribbit.
Prince Ribbit is heavily wounded.
Prince Ribbit hits you but does no damage.
Prince Ribbit hits you!
You slash Prince Ribbit!
Prince Ribbit is almost dead.
Prince Ribbit hops awkwardly around.
Prince Ribbit hits you but does no damage. x2
You barely miss Prince Ribbit.
Prince Ribbit is almost dead.
Prince Ribbit hits you. Prince Ribbit hits you!
* * * LOW HITPOINT WARNING * * *
You barely miss Prince Ribbit. Your headbutt misses Prince Ribbit.
Prince Ribbit is almost dead.
Prince Ribbit hits you but does no damage.
Prince Ribbit barely misses you.
Unknown command.
You miss Prince Ribbit.
Prince Ribbit is almost dead.
Prince Ribbit hits you!
You die...

...## .....
....####
......#### ..
###.... ..# ...
#.....###.##.....
#.....#......#
#.....F@###.####
#......†........
#....###.#..####
###### #.##...#
#..# #.# #
##.###.##...
#####>.......#
..........#.##.#
#########†#....###


You could see Prince Ribbit.

Vanquished Creatures
  A water moccasin (D:5)
  Duvessa (D:5)
  An ice beast (D:5)
  A weeping skull (D:3)
  A scorpion (D:5)
  Dowan (D:5)
  A howler monkey (D:5)
  A hound (D:5)
  An orc wizard (D:5)
  An iguana (D:4)
  3 gnolls (D:4)
  6 adders
  A dart slug (D:2)
  2 ribbon worms
  7 orcs
  10 ball pythons
  4 bats
  5 endoplasms
  2 giant cockroaches (D:1)
  3 goblins (D:4)
  7 hobgoblins
  6 jackals
  7 kobolds
  4 quokkas
  4 frilled lizards
  A rat (D:2)
  A spectral orc (D:3)
83 creatures vanquished.

Notes
Turn   | Place    | Note
-------+----------+-------------------------------------------
     0 | D:1      | Fodor the Minotaur Fighter began the quest for the Orb.
     0 | D:1      | Reached XP level 1. HP: 19/19 MP: 0/0
   231 | D:1      | Reached XP level 2. HP: 27/27 MP: 1/1
   877 | D:2      | Reached XP level 3. HP: 33/33 MP: 2/2
  1285 | D:2      | Reached skill level 3 in Axes
  1377 | D:2      | Reached skill level 1 in Dodging
  1626 | D:3      | Found a faded altar of an unknown god.
  1639 | D:3      | Reached XP level 4. HP: 41/41 MP: 3/3
  1690 | D:3      | Found Bokyego's Armour Shop.
  1733 | D:3      | Found Fewkid's Distillery.
  1807 | D:3      | Found an iron altar of Okawaru.
  1952 | D:3      | Found a basalt altar of Yredelemnul.
  1952 | D:3      | Noticed a weeping skull
  1962 | D:3      | Killed a weeping skull
  1963 | D:3      | Reached skill level 4 in Axes
  1963 | D:3      | Reached XP level 5. HP: 44/47 MP: 4/4
  2150 | D:3      | Found a bloodstained altar of Trog.
  2150 | D:3      | Found a broken altar of Ashenzari.
  2151 | D:3      | Found a sacrificial altar of Ru.
  2205 | D:3      | Found Voigiyr's Distillery.
  2259 | D:3      | Found Fanoufe's Magic Scroll Shoppe.
  2264 | D:3      | Bought a scroll of identify for 28 gold pieces
  2435 | D:4      | Reached skill level 5 in Armour
  2496 | D:4      | Found Vyur's Weapon Shoppe.
  2539 | D:4      | Found a shadowy altar of Dithmenos.
  2569 | D:4      | Reached skill level 5 in Axes
  3179 | D:4      | Found a shimmering blue altar of Sif Muna.
  3291 | D:5      | Entered Level 5 of the Dungeon
  3314 | D:5      | Noticed Duvessa
  3315 | D:5      | Reached XP level 6. HP: 53/53 MP: 5/5
  3319 | D:5      | Noticed Dowan
  3326 | D:5      | Killed Duvessa
  3348 | D:5      | Reached skill level 6 in Axes
  3361 | D:5      | Killed Dowan
  3417 | D:5      | Noticed a water moccasin
  3418 | D:5      | Noticed an ice beast
  3419 | D:5      | Reached XP level 7. HP: 54/60 MP: 6/6
  3431 | D:5      | Reached skill level 7 in Axes
  3436 | D:5      | Reached skill level 5 in Fighting
  3453 | D:5      | Noticed Prince Ribbit
  3470 | D:5      | Slain by Prince Ribbit

Illustrated notes

Levels and vault maps discovered:
D:1:      lightli_arrival_boilingwater, layout_basic
D:2:      kennysheep_big_flooded_room, layout_loops_ring
D:3:      layout_loops_ring, yredelemnul_forgotten_temple_becter,
          gammafunk_temple_overflow_claw, okawaru_ov_weapons_minmay,
          serial_shops, shop, shop, nicolae_shop_peninsula, shop,
          ebering_ecumenical_altar_rust
D:4:      layout_basic, mainiacjoe_overflow_24_doors,
          mainiacjoe_overflow_alcove_4, serial_shops, shop
D:5:      layout_rooms, uniq_prince_ribbit1, uniq_duvessa

Skill      XL: |  1  2  3  4  5  6  7 |
---------------+----------------------+-----
Shields        | 4 |  4.2
Armour         | 4 5 6 |  6.2
Fighting       | 4 5 |  5.0
Axes           | 3 4 5 6 7 |  7.4
Dodging        | 1 |  1.6
Stealth        | |  0.1

Action                     |  1- 3 |  4- 6 |  7- 9 || total
---------------------------+-------+-------+-------++-------
  Melee: War axe           |    48 |       |       ||    48
         Headbutt          |     7 |    17 |     2 ||    26
         Battleaxe         |    27 |   121 |    23 ||   171
    Use: Scroll            |       |     5 |       ||     5
 Armour: Scale mail        |    62 |    13 |    29 ||   104
         Chain mail        |       |   112 |       ||   112
  Dodge: Dodged            |    50 |    49 |     8 ||   107
  Block: Buckler           |    13 |       |       ||    13

Table legend: (Time is in decaauts)
 A = Elapsed time spent in this place.
 B = Non-inter-level travel time spent in this place.
 C = Inter-level travel time spent in this place.
 D = Time resting spent in this place.
 E = Time spent auto-exploring this place.
 F = Levels seen in this place.
 G = Mean time per level.
                   A        B        C        D        E       F      G
               +--------+--------+--------+--------+--------+-----+--------+
         Total |   3566 |   3384 |    182 |      0 |   2354 |   5 |  713.2 |
       Dungeon |   3566 |   3384 |    182 |      0 |   2354 |   5 |  713.2 |
               +--------+--------+--------+--------+--------+-----+--------+

Top non-repeatable levels by time:
     D:4: 985 daAuts
     D:1: 857 daAuts
     D:2: 802 daAuts
     D:3: 712 daAuts
     D:5: 208 daAuts
